 Dungeon Crawl Stone Soup version 0.30-b1-2-g02819fbbbe (webtiles) character file.

Game seed: 5376106203568162872

91 Alarkh the Shooter (level 4, 0/34 HPs)
             Began as a Demonspawn Hexslinger on July 8, 2023.
             Slain by Ijyb
             ... wielding a +0 dagger
              (10 damage)
             ... on level 3 of the Dungeon.
             The game lasted 00:02:55 (2300 turns).

Alarkh the Shooter (Demonspawn Hexslinger)          Turns: 2300, Time: 00:02:55

Health: 0/34       AC:  0    Str: 10    XL:     4   Next: 34%
Magic:  5/5        EV: 19    Int: 16    God:
Gold:   159        SH:  0    Dex: 19    Spells: 4/5 levels left

rFire   . . .        a - melded +1 sling
rCold   . . .        (shield currently unavailable)
rNeg    . . .        c - melded +0 robe
rPois   .            (helmet currently unavailable)
rElec   .            (cloak currently unavailable)
rCorr   .            (gloves currently unavailable)
SInv    .            (boots currently unavailable)
Will    .....        (no amulet)
Stlth   ++           (ring currently unavailable)
HPRegen 0.25/turn    (ring currently unavailable)
MPRegen 0.09/turn

%: no passive effects
@: bat-form, flying, very quick
A: fast, flying, no casting, tiny, (hooves 1), powered by death 2, mutation
resistance 1
a: no special abilities


You were on level 3 of the Dungeon.
You were a bat.
You visited 1 branch of the dungeon, and saw 3 of its levels.

You collected 159 gold pieces.

Inventory:

Hand Weapons
 a - a +1 sling (melded)
 b - a +1 dagger of venom
 l - a +0 quarterstaff
Armour
 c - a +0 robe (melded)
Wands
 j - a wand of mindburst (12)
Scrolls
 d - a scroll of noise
 e - a scroll of amnesia {unknown}
 f - a scroll of magic mapping {unknown}
 g - a scroll of fear {unknown}
 n - a scroll of teleportation {unknown}
Potions
 h - a potion of haste
 k - 3 potions of curing
 m - 3 potions of heal wounds


   Skills:
 + Level 2.4 Fighting
 * Level 3.6 Ranged Weapons
 - Level 1.7 Dodging
 - Level 1.0 Spellcasting
 - Level 3.0 Hexes


You had 4 spell levels left.
You knew the following spells:

 Your Spells              Type           Power      Damage    Failure   Level
a - Slow                  Hex            40%        N/A       7%          1

Your spell library contained the following spells:

 Spells                   Type           Power      Damage    Failure   Level
 Magic Dart               Conj           0%         1d3       22%         1
 Call Imp                 Summ           0%         N/A       34%         2
 Inner Flame              Hex/Fire       5%         N/A       36%         3
 Portal Projectile        Hex/Tloc       10%        N/A       36%         3
 Cause Fear               Hex            5%         N/A       54%         4
 Mephitic Cloud           Conj/Pois/Air  0%         N/A       56%         3


Dungeon Overview and Level Annotations

Branches:
Dungeon (3/15)

Altars:

Annotations:
D:3 Ijyb, Robin


Innate Abilities, Weirdness & Mutations

You are a bat.
You are tiny and dextrous.
You move quickly.
You are flying.
Your equipment is almost entirely melded.
You are incapable of wielding weapons or throwing items.
You cannot cast spells.
((You have large cloven feet.))
You regenerate health from kills.
You are somewhat resistant to further mutation.


Message History

Ijyb misses you. The goblin completely misses you.
You hit the goblin.
You kill the goblin!
Ijyb hits you with a +0 dagger! Robin throws Ijyb at you!
You barely miss Ijyb.
Ijyb is severely wounded.
You hit Ijyb but do no damage.
Ijyb is severely wounded.
Ijyb no longer looks unusually strong.
Ijyb completely misses you.
Robin roars a battlecry!
Ijyb goes into a battle-frenzy!
You hit Ijyb but do no damage.
Ijyb is severely wounded.
Ijyb barely misses you. The hobgoblin closely misses you.
You barely miss Ijyb.
Ijyb is severely wounded.
Ijyb barely misses you. The hobgoblin completely misses you.
You barely miss Ijyb.
Ijyb is severely wounded.
Ijyb misses you. The hobgoblin misses you.
You hit Ijyb but do no damage.
Ijyb is severely wounded.
Ijyb completely misses you. The hobgoblin barely misses you.
You barely miss Ijyb.
Ijyb is severely wounded.
Ijyb misses you. The hobgoblin closely misses you.
You hit Ijyb but do no damage.
Ijyb is severely wounded.
Ijyb hits you with a +0 dagger! The hobgoblin closely misses you.
Robin roars a battlecry!
You hit Ijyb but do no damage.
Ijyb is severely wounded.
Ijyb hits you with a +0 dagger.
* * * LOW HITPOINT WARNING * * *
The hobgoblin barely misses you.
You barely miss Ijyb.
Ijyb is severely wounded.
The hobgoblin no longer looks unusually strong.
Ijyb hits you with a +0 dagger!
You die...

# .......# #
......# # .....#
# ....###
###########
.....
........... .>.
........... #g#
#####....
#b####### #.#+#
####.#g#.....##
#....
....g)Kg'......#
#....
#####.#.#......#
#....
#.#.#......#
#..). #
#.######.# #.###
#.# #.# #.#..
#.# #.#####+#.#
#.# #.........#


You could see Ijyb (strong), Robin, a hobgoblin and a kobold.

Vanquished Creatures
  An adder (D:2)
  2 dart slugs (D:1)
  8 ball pythons
  7 endoplasms
  13 goblins
  9 hobgoblins
  7 jackals (D:3)
  A quokka (D:2)
  5 bats
  7 frilled lizards
  6 kobolds
  8 rats
74 creatures vanquished.

Notes
Turn   | Place    | Note
-------+----------+-------------------------------------------
     0 | D:1      | Alarkh the Demonspawn Hexslinger began the quest for the
                  | Orb.
     0 | D:1      | Reached XP level 1. HP: 15/15 MP: 2/2
   119 | D:1      | Gained mutation: You regenerate a little health from kills.
                  | [demonic ancestry]
   119 | D:1      | Reached XP level 2. HP: 21/21 MP: 3/3
   276 | D:1      | Gained mutation: You are somewhat resistant to further
                  | mutation. [potion of mutation]
   431 | D:1      | Gained mutation: You have large cloven feet. [demonic
                  | ancestry]
   431 | D:1      | Reached XP level 3. HP: 21/27 MP: 4/4
   895 | D:2      | You fall into a shaft and drop 1 floor!
  1395 | D:3      | Gained mutation: You regenerate health from kills. [demonic
                  | ancestry]
  1395 | D:3      | Reached XP level 4. HP: 33/33 MP: 5/5
  1952 | D:3      | Found a faded altar of an unknown god.
  2231 | D:3      | Noticed Ijyb
  2249 | D:3      | Noticed Robin
  2300 | D:3      | Slain by Ijyb

Illustrated notes

Levels and vault maps discovered:
D:1:      onia_arrival_mini_spirals, layout_rooms
D:2:      layout_basic
D:3:      layout_basic, hellmonk_ecumenical_altar_dog_temple,
          minmay_misc_feat_x, uniq_ijyb, uniq_robin

Skill      XL: |  1  2  3 |
---------------+----------+-----
Ranged Weapons | 2 3 |  3.6
Fighting       | 2 |  2.4
Dodging        | |  1.7
Spellcasting   | |  1.0
Hexes          | |  3.0

Action                     |  1- 3 |  4- 6 || total
---------------------------+-------+-------++-------
  Melee: Unarmed           |       |    22 ||    22
   Fire: Sling             |   186 |    83 ||   269
   Cast: Slow              |     3 |       ||     3
    Use: Potion            |     2 |     1 ||     3
         Scroll            |       |     4 ||     4
 Armour: Robe              |    13 |     8 ||    21
         Skin              |       |    68 ||    68
  Dodge: Dodged            |    85 |    60 ||   145
